 Dungeon Crawl Stone Soup version 0.24.0-123-gd5b16e6ec5 (webtiles) character file.

Game seed: 11906284331381600072, levelgen mode: deterministic

1122 mortelune the Skirmisher (level 8, -8/97 HPs)
             Began as a Formicid Abyssal Knight on Dec 21, 2019.
             Was a Priest of Lugonu.
             Mangled by Menkaure (12 damage)
             ... on level 6 of the Dungeon.
             The game lasted 00:14:38 (6742 turns).

mortelune the Skirmisher (Formicid Abyssal Knight)  Turns: 6742, Time: 00:14:38

Health: -8/97      AC: 24    Str: 16 (19) XL:     8   Next: 61%
Magic:  9/9        EV:  2    Int:  9 (12) God:    Lugonu [***...]
Gold:   42         SH:  6    Dex:  9 (10) Spells: 7/7 levels left

rFire    . . .     SeeInvis .   w - +0 long sword
rCold    . . .     Gourm    .   q - +0 shield
rNeg     + + +     Faith    .   (armour currently unavailable)
rPois    +         Spirit   .   (helmet unavailable)
rElec    .         Reflect  .   (cloak currently unavailable)
rCorr    .         Harm     .   (gloves currently unavailable)
MR       .....                  (boots currently unavailable)
Stlth    +.........             (no amulet)
HPRegen  0.26/turn              (no ring)
MPRegen  0.11/turn              (no ring)

@: tree-form
A: permanent stasis, dig shafts and tunnels, four strong arms
a: Depart the Abyss, Bend Space, Banish, Renounce Religion


You were on level 6 of the Dungeon.
You worshipped Lugonu.
Lugonu was most pleased with you.
You were not hungry.
You were a tree.
You visited 1 branch of the dungeon, and saw 6 of its levels.
You visited the Abyss 1 time.
You also visited: Sewer.

You collected 154 gold pieces.
You spent 112 gold pieces at shops.

Inventory:

Hand Weapons
 a - a +1 falchion
 u - a +0 short sword
 w - a +0 long sword (weapon)
Missiles
 s - 5 boomerangs (quivered)
Armour
 b - a +0 leather armour
 g - a +0 ring mail
 i - a +0 scale mail
 k - the +1 robe "Xegustar" {rCorr Str+3 Int+3}
   (You found it on level 5 of the Dungeon)

   It affects your strength (+3).
   It affects your intelligence (+3).
   It provides partial protection from all sources of acid and corrosion.
 l - a +0 chain mail (melded)
 n - a +1 cloak (melded)
 p - a +0 pair of boots (melded)
 q - a +0 shield (worn)
Wands
 r - a wand of paralysis (4)
Scrolls
 e - a scroll of enchant weapon
 f - a scroll of noise
 h - a scroll of remove curse
 j - a scroll of blinking
 y - 2 scrolls of amnesia
 z - a scroll of immolation {unknown}
 B - a scroll of brand weapon {unknown}
 C - 3 scrolls of teleportation {unknown}
 D - a scroll of fog
Potions
 o - a potion of lignification
 t - 2 potions of degeneration
 v - 4 potions of flight
 x - a potion of agility {unknown}
 A - a potion of cancellation {unknown}
 E - a potion of invisibility {unknown}
Comestibles
 c - 13 rations


   Skills:
 + Level 6.9 Fighting
 + Level 5.8 Long Blades
 + Level 6.3 Armour
 - Level 0.8 Dodging
 * Level 2.5 Invocations


You had 7 spell levels left.
You didn't know any spells.
Your spell library was empty.

Dungeon Overview and Level Annotations

Branches:
Dungeon (6/15)             Temple (0/1) D:5           Sewer (visited)

Altars:
Wu Jian

Shops:
D:4 [   D:6 *?*

Annotations:
D:3 Grinder, Sigmund
D:6 Menkaure


Innate Abilities, Weirdness & Mutations

You cannot be hasted, slowed, berserked, paralysed or teleported.
You can dig through walls and to a lower floor.
Your four strong arms can wield two-handed weapons with a shield.
((You have a pair of large antennae on your head. (SInv)))


Message History

Menkaure rustles a few words.
Menkaure hits you!
* * * LOW HITPOINT WARNING * * *
Your library has no spells.
Okay, then.
It was a potion of degeneration.
There was something very wrong with that liquid.
You feel weakened.
You feel dopey.
You feel clumsy. Menkaure casts a spell at you.
You struggle to resist.
It was a potion of lignification.
You turn into a tree.
Your +1 cloak melds into your body.
Your +0 pair of boots melds into your body.
Your +0 chain mail melds into your body.
Your roots penetrate the ground.
Menkaure hits you.
* * * LOW HITPOINT WARNING * * *
It was a potion of berserk rage.
Your stasis prevents you from going berserk.
Menkaure hits you but does no damage. Menkaure hits you!
You die...

..# #.#
... .# #.#
#[# ...
#.# #o#
#.# #M#
#.# #♣#
#.#
#.######.#
#........#
########.#
#.# #.#
#.# #.#
#.#


You could see Menkaure and an orc.

Vanquished Creatures
  2 ice beasts (D:5)
  A centaur (D:5)
  A big kobold (D:3)
  A bullfrog (D:6)
  A crimson imp (D:5)
  2 bullfrog skeletons (D:5)
  3 hounds
  An orc priest (D:4)
  3 orc wizards (D:5)
  Ijyb (D:4)
  3 iguanas
  2 worker ants
  A killer bee zombie (D:6)
  A hound skeleton (D:4)
  A hound zombie (D:5)
  8 adders
  A river rat (D:6)
  A shadow imp (D:6)
  4 oozes
  An adder zombie (D:5)
  An adder skeleton (D:4)
  5 worms (Sewer)
  5 leopard geckos
  9 orcs
  5 ball pythons
  2 giant cockroaches
  7 goblins
  7 hobgoblins
  13 jackals
  4 kobolds
  3 quokkas
  9 bats
  7 frilled lizards
  2 giant cockroach zombies
  A leopard gecko skeleton (D:5)
  A quokka zombie (D:5)
  6 rats
126 creatures vanquished.

Vanquished Creatures (others)
  An orc wizard (D:5)
1 creature vanquished.

Grand Total: 127 creatures vanquished

Notes
Turn   | Place    | Note
-------+----------+-------------------------------------------
     0 | Abyss:1  | mortelune the Formicid Abyssal Knight began the quest for
                  | the Orb.
     0 | Abyss:1  | Reached XP level 1. HP: 18/18 MP: 2/2
    39 | D:1      | Escaped the Abyss
   304 | D:1      | Reached * piety under Lugonu
   344 | D:1      | Reached XP level 2. HP: 24/24 MP: 3/3
   758 | D:2      | Reached XP level 3. HP: 8/30 MP: 4/4
  1414 | D:2      | Reached XP level 4. HP: 35/37 MP: 5/5
  1671 | D:3      | Reached ** piety under Lugonu
  1819 | D:3      | Noticed a big kobold
  1842 | D:3      | Killed a big kobold
  1842 | D:3      | Reached XP level 5. HP: 17/43 MP: 6/6
  2093 | D:3      | Noticed Sigmund
  2097 | D:3      | Noticed Grinder
  2691 | D:4      | Reached XP level 6. HP: 42/49 MP: 7/7
  2736 | D:4      | Found Ubaetz's Armour Shoppe.
  2739 | D:4      | Bought a +0 pair of boots for 45 gold pieces
  2739 | D:4      | Bought a +0 shield for 45 gold pieces
  3058 | D:4      | Noticed Ijyb
  3083 | D:4      | HP: 2/50 [Ijyb/+0 club (3)]
  3084 | D:4      | Killed Ijyb
  3084 | D:4      | Reached skill level 5 in Fighting
  3679 | D:5      | Entered Level 5 of the Dungeon
  3709 | D:5      | Noticed an ice beast
  3723 | D:5      | Killed an ice beast
  3723 | D:5      | Reached XP level 7. HP: 41/56 MP: 8/8
  3835 | D:5      | Reached skill level 5 in Armour
  4014 | D:5      | Got a heavily jewelled robe
  4025 | D:5      | Identified the cursed +1 robe "Xegustar" {rCorr Str+3
                  | Int+3} (You found it on level 5 of the Dungeon)
  4411 | D:5      | Reached skill level 5 in Long Blades
  4548 | D:5      | Reached XP level 8. HP: 42/64 MP: 9/9
  4969 | D:5      | Found an ornate altar of the Wu Jian Council.
  5412 | D:5      | Found a staircase to the Ecumenical Temple.
  5502 | D:6      | Found Bech's Assorted Antiques.
  5518 | D:6      | Bought a scroll labeled OCONUM PEU for 22 gold pieces
  5537 | D:6      | Found Empioz's Assorted Antiques.
  5584 | D:6      | Found Inkiepte's Magic Scroll Boutique.
  5658 | D:6      | Found a glowing drain.
  5680 | Sewer    | Entered a sewer
  5695 | Sewer    | Reached *** piety under Lugonu
  6716 | D:6      | Noticed Menkaure
  6741 | D:6      | HP: 3/97 [Menkaure (6)]
  6742 | D:6      | Mangled by Menkaure

Levels and vault maps discovered:
D:1:      shiori_shiawase, layout_basic
D:2:      layout_rooms
D:3:      layout_basic, uniq_sigmund, uniq_crazy_yiuf_cottage, uniq_grinder
D:4:      layout_rooms, first_ration, serial_shops, kennysheep_mini,
          grunt_decor_mini_mirrors, st_stairs_11, kennysheep_decorative_pillar,
          uniq_ijyb
D:5:      layout_loops_ring, temple_hall, basic_altar
D:6:      minmay_clustersquares, layout_basic, cheibrodos_sewer_entry_sluice,
          serial_shops, shop, shop, shop_fountains, shop,
          nicolae_shop_behind_doors, uniq_menkaure

Skill      XL: |  1  2  3  4  5  6  7  8 |
---------------+-------------------------+-----
Armour         | 3 4 5 6 |  6.3
Fighting       | 4 5 6 |  6.9
Long Blades    | 3 4 5 |  5.8
Dodging        | |  0.8
Invocations    | |  2.5

Action                   |  1- 3 |  4- 6 |  7- 9 || total
-------------------------+-------+-------+-------++-------
Melee: Falchion          |   121 |   200 |   109 ||   430
       Long sword        |       |       |   253 ||   253
Throw: Boomerang         |       |       |     8 ||     8
Invok: Depart the Abyss  |     1 |       |       ||     1
 Abil: Dig               |       |     1 |     3 ||     4
Evoke: Wand              |       |     1 |     1 ||     2
  Use: Potion            |     2 |     2 |     6 ||    10
       Scroll            |       |     9 |     2 ||    11
 Stab: Paralysed         |       |       |     3 ||     3
  Eat: Chunk             |     2 |     8 |    12 ||    22
Armor: Leather armour    |    11 |       |       ||    11
       Scale mail        |     8 |       |       ||     8
       Chain mail        |   103 |   161 |   324 ||   588
       Skin              |       |       |     1 ||     1
Dodge: Dodged            |    71 |    78 |    95 ||   244
Block: Shield            |       |    28 |   165 ||   193
       Rpst.: Falchion   |    16 |    23 |     9 ||    48
       Long sword        |       |       |    31 ||    31
